 Dungeon Crawl Stone Soup version 0.19.5 (webtiles) character file.

39 equalderp2856 the Scratcher (level 3, -1/17 HPs)
             Began as a Felid Fighter on Mar 11, 2017.
             Slain by equalderp2856's ghost (12 damage)
             ... on level 3 of the Dungeon.
             The game lasted 00:02:40 (1258 turns).

equalderp2856 the Scratcher (Felid Fighter)         Turns: 1258, Time: 00:02:41

Health: -1/17      AC:  1    Str: 13    XL:     3   Next: 28%
Magic:  4/4        EV: 19    Int:  9    God:
Gold:   80         SH:  0    Dex: 15    Spells: 0 memorised, 2 levels left
                                        Lives:  0   Deaths: 0

rFire  . . .     SeeInvis +       - Unarmed
rCold  . . .     Gourm    .     (armour unavailable)
rNeg   . . .     Faith    .     (shield unavailable)
rPois  .         Spirit   .     (helmet unavailable)
rElec  .         Reflect  .     (cloak unavailable)
rCorr  .         Harm     .     (gloves unavailable)
MR     .....                    (boots unavailable)
Stlth  ++........               (no amulet)
                                (no ring)
                                (no ring)

@: quick
A: no armour, no weapons or thrown items, stealth, claws 1, fangs 3, see
invisible, carnivore 3, speed 1, shaggy fur 1, slow metabolism 1, sharp paws
a: no special abilities


You were on level 3 of the Dungeon.
You were very full.

You visited 1 branch of the dungeon, and saw 3 of its levels.

You collected 80 gold pieces.

Inventory:

Missiles
 l - 36 arrows
Scrolls
 e - 3 scrolls of identify {unknown}
 f - 4 scrolls of remove curse {unknown}
 g - 3 scrolls of magic mapping {unknown}
 o - a scroll of enchant weapon {unknown}
 p - a scroll of fear {unknown}
Potions
 a - a potion of might
 c - a potion of ambrosia {unknown}
 d - 2 potions of agility {unknown}
 h - a potion of beneficial mutation {unknown}
 i - a potion of cancellation {unknown}
 j - 2 potions of haste {unknown}
 m - a potion of lignification {unknown}
 n - a potion of berserk rage {unknown}
Comestibles
 b - 2 meat rations
 k - a bread ration


   Skills:
 + Level 3.2 Fighting
 + Level 4.4 Dodging
 + Level 4.7 Unarmed Combat


You had 2 spell levels left.
You didn't know any spells.

Dungeon Overview and Level Annotations

Branches:
Dungeon (3/15)

Altars:
Cheibriados

Annotations:
D:3 equalderp2856's ghost, weakling FeFi


Innate Abilities, Weirdness & Mutations

You cannot wear armour.
You are incapable of wielding weapons or throwing items.
Your paws allow you to move quietly. (Stealth)
You have sharp claws.
You have razor-sharp teeth.
You have supernaturally acute eyesight. (SInv)
You are carnivorous and can eat meat at any time.
You cover ground quickly.
You are covered in fur. (AC +1)
You have a slow metabolism.
Your sharp claws are effective at attacking unaware monsters.


Message History

The floor.
Found a dagger.
You see here a dagger.
Found a whip.
A kobold comes into view.
A kobold comes into view. It is wielding a dagger.
The kobold shouts!
The kobold throws a stone.
The stone hits you but does no damage.
You see here a stone.
Found 23 stones and a scroll labeled MUESTIEMOE.
Equalderp2856's ghost shouts, "What do you have that I didn't have?"
You see here 23 stones.
You see here a scroll labeled MUESTIEMOE.
p - a scroll labeled MUESTIEMOE Equalderp2856's ghost swings its fists at you.
You see here a scroll labeled MUESTIEMOE.
There is a stone staircase leading up here.
Equalderp2856's ghost hits you!
Ouch! That really hurt!
You die...

#.W...# #.##.# #.###.##### #.##.#
##.###.(...# ###.##.##
#.W.######.#####.......# ###
........##..........#... ..#
#...###.##.#####.#..##.###.######
#.#.###.##.#####.#?........[.....
K###.##.#........W.###.###.######
# ##........###@#####.# #.#
#.##................# #.# #.#
#......####.###### #.# ...
#)#...## #?# #.# #.# #.##)## #.#
#####.# .. #.##.# #..# #.....# .
..##.# ##.# #.##### ####.# #.#
#.# #.# #.# #.#


You could see equalderp2856's ghost.

Vanquished Creatures
  An adder (D:3)
  2 dart slugs
  A giant cockroach (D:2)
  2 goblins (D:1)
  5 hobgoblins
  A quokka (D:2)
  4 bats
  3 frilled lizards
  4 kobolds
  2 rats
25 creatures vanquished.

Notes
Turn   | Place    | Note
-------+----------+-------------------------------------------
     0 | D:1      | equalderp2856 the Felid Fighter began the quest for the Orb.
     0 | D:1      | Reached XP level 1. HP: 10/10 MP: 2/2
   251 | D:1      | Reached XP level 2. HP: 14/14 MP: 3/3
   778 | D:2      | Found a snail-covered altar of Cheibriados.
  1076 | D:2      | Reached XP level 3. HP: 15/17 MP: 4/4
  1178 | D:3      | Noticed equalderp2856's ghost (weakling FeFi)
  1258 | D:3      | Slain by equalderp2856's ghost

Action                   || total
-------------------------++-------
Melee: Unarmed           ||    52
       Bite              ||     5
 Stab: Sleeping          ||     2
  Eat: Chunk             ||     6
Armor: Skin              ||     1
Dodge: Dodged            ||    43
